 Dungeon Crawl Stone Soup version 0.21-a0-404-g291f19a (webtiles) character file.

200 Moebius the Magician (level 5, -4/28 HPs)
             Began as a Deep Elf Fire Elementalist on Oct 30, 2017.
             Slain by a gnoll
             ... wielding a +0 whip
              (6 damage)
             ... on level 3 of the Dungeon.
             The game lasted 00:13:30 (2212 turns).

Moebius the Magician (Deep Elf Fire Elementalist)   Turns: 2212, Time: 00:13:30

Health: -4/28      AC:  3    Str: 10    XL:     5   Next: 49%
Magic:  1/14       EV: 13    Int: 26    God:
Gold:   169        SH:  0    Dex: 15    Spells: 7/13 levels left

rFire    . . .     SeeInvis .   h - +0 dagger
rCold    . . .     Gourm    .   (no shield)
rNeg     . . .     Faith    .   a - +0 robe
rPois    .         Spirit   .   (no helmet)
rElec    .         Reflect  .   (no cloak)
rCorr    .         Harm     .   n - +0 pair of gloves (curse)
MR       .....                  (no boots)
Stlth    ++........             (no amulet)
HPRegen  0.09/turn              (no ring)
MPRegen  0.14/turn              (no ring)

@: mighty, brilliant
A: no striking features
a: no special abilities


You were on level 3 of the Dungeon.
You were not hungry.

You visited 1 branch of the dungeon, and saw 4 of its levels.

You collected 169 gold pieces.

Inventory:

Hand Weapons
 h - a +0 dagger (weapon)
 i - a +0 spear
 k - a +1 vampiric short sword
Missiles
 o - 31 sling bullets
Armour
 a - a +0 robe (worn)
 n - a cursed +0 pair of gloves (worn)
 p - a +0 buckler
Scrolls
 m - a scroll of random uselessness {unknown}
Potions
 e - a potion of heal wounds {unknown}
 f - 2 potions of lignification
 g - a potion of degeneration {unknown}
 l - a potion of might
Books
 b - a book of Flames

   Spells                             Type                      Level
   a - Flame Tongue                   Conjuration/Fire             1
   b - Throw Flame                    Conjuration/Fire             2
   c - Conjure Flame                  Conjuration/Fire             3
   d - Inner Flame                    Hexes/Fire                   3
   e - Sticky Flame                   Conjuration/Fire             4
   f - Fireball                       Conjuration/Fire             5
Comestibles
 c - 4 bread rations
 j - 5 chunks of flesh


   Skills:
 - Level 2.4 Dodging
 - Level 2.4 Stealth
 + Level 4.7 Spellcasting
 * Level 3.8 Conjurations
 + Level 4.7 Fire Magic


You had 7 spell levels left.
You knew the following spells:

 Your Spells              Type           Power        Failure   Level  Hunger
a - Flame Tongue          Conj/Fire      #####        1%          1    None
b - Throw Flame           Conj/Fire      #####.       1%          2    None
c - Conjure Flame         Conj/Fire      #####...     1%          3    ##.....


Dungeon Overview and Level Annotations

Branches:
Dungeon (4/15)
 Temple: D:4-7

Altars:
Trog

Annotations:
D:4 ohad's ghost, amateur DsGl


Message History

The bat barely misses you. The gnoll hits you with a whip!
The bat closely misses you. The bat misses you. The bat completely misses you.
The bat completely misses you.
Casting: Flame Tongue
Confirm with . or Enter, or press ? or * to list all spells.
Aiming: Flame Tongue
Press: ? - help, Shift-Dir - straight line, f/p - gnoll
Aim: a gnoll, wielding a whip (heavily wounded)
The flame tongue misses the gnoll.
The flame tongue misses the bat.
The gnoll hits you with a whip!
* * * LOW HITPOINT WARNING * * *
It was a potion of might.
You feel very mighty all of a sudden. The gnoll completely misses you.
A kobold comes into view. It is wielding a club.
It was a potion of brilliance.
You feel clever all of a sudden. The gnoll hits you with a whip.
You die...

..#######..#...#
####..# ...#
##........ #.# .#.#
########## .. ##<#
#.# #.# #†# K #.#
#############....
#.#####......bg@....#
#.......#############
#########


You could see a gnoll, a bat and a kobold (sleeping).

Vanquished Creatures
  2 hounds (D:3)
  Natasha (D:3)
  4 gnolls (D:2)
  An adder (D:2)
  An ooze (D:3)
  2 dart slugs
  5 leopard geckos
  3 orcs (D:3)
  2 giant cockroaches
  2 goblins
  7 hobgoblins
  6 jackals (D:1)
  7 kobolds
  A ball python (D:1)
  A bat (D:2)
  3 frilled lizards (D:2)
  8 rats
56 creatures vanquished.

Notes
Turn   | Place    | Note
-------+----------+-------------------------------------------
     0 | D:1      | Moebius the Deep Elf Fire Elementalist began the quest for the Orb.
     0 | D:1      | Reached XP level 1. HP: 10/10 MP: 6/6
   283 | D:1      | Reached XP level 2. HP: 6/15 MP: 0/8
   454 | D:1      | Learned a level 2 spell: Throw Flame
   994 | D:2      | Reached XP level 3. HP: 19/19 MP: 4/9
  1046 | D:2      | Learned a level 3 spell: Conjure Flame
  1384 | D:2      | Found a bloodstained altar of Trog.
  1745 | D:2      | Reached XP level 4. HP: 24/24 MP: 7/11
  2043 | D:4      | Noticed ohad's ghost (amateur DsGl)
  2098 | D:3      | Noticed Natasha
  2106 | D:3      | Killed Natasha
  2106 | D:3      | Reached XP level 5. HP: 23/28 MP: 6/13
  2212 | D:3      | Slain by a gnoll

Vault maps used:
D:1:      saegor_arrival_simple_f
D:2:      bloody_trog
D:3:      lemuel_castle_with_subvaults, first_bread, serial_glass,
          glass_columns_a, glass_columns_a, hangedman_decor_opposing,
          kennysheep_small_spiral, minmay_misc_feat_tower, cheibrodos_gnoll_hut,
          uniq_natasha
D:4:      lemuel_doored_altar

Skill      XL: |  1  2  3  4 |
---------------+-------------+-----
Fire Magic     | 4 |  4.7
Conjurations   | 2 3 |  3.8
Spellcasting   | 4 |  4.7
Dodging        | |  2.4
Stealth        | |  2.4

Action                   |  1- 3 |  4- 6 || total
-------------------------+-------+-------++-------
Melee: Dagger            |    30 |     3 ||    33
       Club              |     3 |       ||     3
 Cast: Flame Tongue      |    75 |    38 ||   113
       Throw Flame       |     2 |     1 ||     3
       Conjure Flame     |       |     2 ||     2
  Use: Scroll            |     4 |       ||     4
       Potion            |       |     2 ||     2
 Stab: Sleeping          |     1 |       ||     1
  Eat: Chunk             |     2 |     2 ||     4
Armor: Robe              |     8 |     5 ||    13
Dodge: Dodged            |    54 |    21 ||    75

Table legend:
 A = Spawn XP
 B = Non-spawn XP
 C = Spawn XP percentage of total XP
 D = Spawn monster count
 E = Non-spawn monster count
 F = Spawn count percentage of total count
 G = Total turns spent on level
                    A         B        C        D         E        F      G
               +---------+---------+-------+---------+---------+-------+---------
         Total |       0 |     287 |   0.0 |       0 |      56 |   0.0 |  2212
               +---------+---------+-------+---------+---------+-------+---------
           D:1 |       0 |      35 |   0.0 |       0 |      19 |   0.0 |   967
           D:2 |       0 |     103 |   0.0 |       0 |      23 |   0.0 |  1035
           D:3 |       0 |     149 |   0.0 |       0 |      14 |   0.0 |   206
               +---------+---------+-------+---------+---------+-------+---------
